AoeStats
← fernando

Arena

509099114Analyzed
1v1 RM · 8d ago on Sep 25, 2026· 67m 29s· 2 players
Game mode
Random Map
Map size
Tiny (2 player)
Population
200
Speed
Normal
Resources
Standard
Victory
Conquest
Starting age
Dark Age
Ending age
Imperial Age
RankedLock teamsTeams togetherTeam positionsShared explorationLock speedFull tech treeHidden civsTurbo modeCheats
Victory
Defeat
🇨🇱 Mongols · Chile
1204
+16
🇬🇧 Varangians · United Kingdom
1212
-16
fernando
9:43 Feudal Age
7:59 Loom
11:10 Wheelbarrow
10:25 Double-Bit Axe
10:22 Horse Collar
16:45 Castle Age
16:39 Gold Mining
17:14 Bloodlines
18:23 Light Cavalry
19:04 Husbandry
22:11 Bow Saw
24:49 Wheelbarrow
23:59 Town Watch
24:36 Fletching
26:00 Heavy Plow
26:36 Bodkin Arrow
28:02 Gold Shaft Mining
29:13 Ballistics
32:06 Imperial Age
30:32 Thumb Ring
33:00 Bracer
34:20 Forging
34:16 Scale Barding Armor
34:55 Murder Holes
36:18 Conscription
35:43 Pikeman
36:59 Iron Casting
37:22 Hand Cart
37:41 Squires
38:44 Blast Furnace
37:47 Padded Archer Armor
38:17 Parthian Tactics
41:10 Blast Furnace
40:12 Scale Mail Armor
43:21 Chain Mail Armor
43:28 Chain Barding Armor
44:08 Heavy Cavalry Archer
47:07 Leather Archer Armor
47:23 Plate Mail Armor
47:56 Chemistry
47:06 Masonry
47:25 Drill
48:58 Nomads
48:38 Hussar
49:03 Capped Ram
49:36 Arson
49:53 Siege Ram
55:16 Siege Engineers
'The Glue'
9:05 Loom
10:51 Feudal Age
15:10 Castle Age
16:12 Double-Bit Axe
19:45 Bloodlines
21:39 Light Cavalry
23:38 Horse Collar
24:02 Gold Mining
24:36 Husbandry
24:01 Pikeman
24:54 Double-Bit Axe
25:59 Forging
26:52 Wheelbarrow
26:02 Town Watch
27:20 Stone Mining
28:07 Heavy Plow
28:33 Bow Saw
28:57 Scale Barding Armor
30:20 Chain Barding Armor
31:07 Iron Casting
31:39 Stone Shaft Mining
34:24 Fletching
34:45 Vendel Legacy
36:56 Town Patrol
39:30 Imperial Age
37:34 Masonry
37:07 Treadmill Crane
37:23 Murder Holes
38:53 Hand Cart
38:41 Town Patrol
39:05 Ballistics
39:47 Guard Tower
40:35 Conscription
40:48 Cavalier
42:32 Plate Barding Armor
43:23 Squires
43:26 Scale Mail Armor
44:43 Architecture
44:24 Siege Engineers
44:44 Bodkin Arrow
45:06 Chain Mail Armor
48:13 Blast Furnace
47:13 Bracer
47:54 Crop Rotation
48:25 Two-Man Saw
47:17 Capped Ram
47:22 Gothikon
47:41 Elite Varangian Guard
48:07 Arson
50:02 Plate Mail Armor
50:33 Architecture
51:05 Chemistry
52:46 Hussar
55:50 Elite Jarl
Connection lost

Rejoining the realm…

Still unreachable

The connection could not be restored.

Session expired

The server has moved on; the page needs a fresh start.